Map: Torres Crepusculares

Players

Ghost - Winner!

  • Race: Terran Terran
  • League: Grandmaster

TheZergLord

  • Race: Zerg Zerg
  • League: Master

VOD

Have the link to the VOD?

Description

Time

  • Played on: April 26, 2016, 11:30 a.m.
  • Length: 10:39
Show
View Real Time Build Order
Export as new Build Order

Ghost Terran - Winner!

Build Orders: Reaper Expand, MMM Bio, Banshee Rush 

Get SALT Encoding   

  12  0:01  SCV  
  13  0:13  SCV  
  14  0:17  Supply Depot  
  14  0:26  SCV  
  15  0:39  Barracks, SCV  
  16  0:44  Refinery  
  16  0:51  SCV  
  17  1:03  SCV  
  18  1:15  SCV  
  19  1:28  Reaper, Orbital Command  
  20  1:42  Command Center  
  20  1:51  Supply Depot  
  21  1:54  SCV  
  21  2:00  Marine  
  22  2:07  Factory  
  22  2:10  SCV  
  22  2:15  Refinery  
  23  2:22  SCV  
  24  2:24  Barracks Reactor  
  24  2:34  SCV  
  25  2:46  SCV  
  26  2:58  SCV  
  27  3:09  Orbital Command  
  27  3:10  SCV  
  27  3:11  Starport  
  28  3:22  Barracks Tech Lab, Hellion x2  
  28  3:24  SCV  
  33  3:35  SCV  
  33  3:36  SCV  
  35  3:43  Hellion x2  
  35  3:47  SCV  
  40  3:51  SCV  
  40  3:52  Supply Depot  
  40  3:54  Banshee  
  40  3:55  Cloaking Field  
  44  3:59  SCV  
  45  4:03  SCV  
  46  4:10  Command Center  
  46  4:12  Barracks Tech Lab  
  46  4:14  SCV  
  46  4:15  Supply Depot  
  47  4:17  SCV  
  48  4:26  SCV  
  48  4:29  Barracks, SCV  
  48  4:30  Barracks  
  50  4:38  SCV  
  50  4:41  SCV  
  50  4:42  Marine, Banshee  
  50  4:44  Stimpack  
  53  4:50  SCV  
  50  4:54  SCV, Factory Reactor  
  50  4:58  Refinery  
  49  5:01  Refinery, Marine  
  49  5:02  SCV  
  49  5:05  Engineering Bay  
  49  5:06  SCV  
  52  5:07  Engineering Bay  
  52  5:14  SCV  
  52  5:18  SCV  
  54  5:25  Marine x3  
  54  5:26  SCV, Orbital Command  
  59  5:31  SCV  
  60  5:38  Starport Reactor  
  60  5:41  SCV  
  60  5:42  Marine x2  
  60  5:44  Terran Infantry Weapons Level 1, Terran Infantry Armor Level 1  
  60  5:45  Marine x3  
  60  5:49  Barracks x2  
  65  5:50  Orbital Command  
  65  5:51  SCV  
  65  5:54  SCV  
  67  6:00  Marine  
  67  6:02  Marine x3  
  67  6:03  SCV  
  67  6:04  Siege Tank  
  75  6:07  Supply Depot x3, Marine  
  76  6:14  SCV  
  77  6:22  Bunker  
  77  6:27  Armory  
  77  6:28  Marine, SCV x3, Medivac x2  
  77  6:32  Supply Depot, Marine x4  
  87  6:39  Barracks Reactor  
  89  6:40  SCV x2, Barracks Reactor  
  89  6:41  Supply Depot  
  89  6:42  SCV  
  89  6:46  Marine  
  93  6:51  Marine x2  
  93  6:52  Marine x2, SCV x2  
  99  6:55  Siege Tank, SCV  
  99  6:58  Supply Depot  
  99  7:01  Medivac x2  
  105  7:03  Refinery  
  105  7:04  Marine  
  105  7:05  SCV x2  
  110  7:09  SCV  
  110  7:13  Marine x4  
  110  7:15  Supply Depot x2  
  115  7:16  Supply Depot  
  115  7:17  SCV x2  
  115  7:19  Marine x3  
  117  7:30  Marine x2  
  117  7:31  Marine, Siege Tank  
  117  7:33  Missile Turret x2  
  117  7:36  Missile Turret  
  123  7:37  Marine x2  
  123  7:38  Missile Turret  
  123  7:39  SCV  
  123  7:40  Marine  
  123  7:42  Combat Shields  
  127  7:46  Marine  
  127  7:47  Marine x2  
  127  7:49  SCV x2  
  132  7:52  Terran Infantry Weapons Level 2  
  132  7:54  Marine x2  
  132  7:55  Marine  
  132  7:58  Medivac  
  137  8:00  Medivac  
  139  8:05  SCV  
  139  8:06  SCV x2  
  142  8:13  Marine x2  
  142  8:17  Marine x3, Liberator  
  142  8:18  Marine x2  
  149  8:22  Marine x2  
  149  8:24  Factory  
  149  8:25  Siege Tank  
  149  8:26  Supply Depot  
  151  8:27  Supply Depot  
  151  8:29  Supply Depot  
  151  8:30  Marine, Liberator  
  151  8:33  Marine  
  153  8:37  Marine  
  153  8:38  Supply Depot  
  157  8:47  Marine x5  
  165  8:48  Marine x2  
  167  8:59  Marine  
  167  9:02  Marine  
  166  9:05  Marine  
  166  9:09  Marine x2  
  144  9:10  Marine x3  
  144  9:16  Marine  
  141  9:17  Marine, Siege Tank  
  141  9:19  Marine  
  141  9:23  Factory Tech Lab, Marine  
  147  9:27  Barracks, Marine x3  
  150  9:31  Barracks  
  150  9:36  Marine x4  
  150  9:37  Marine  
  155  9:40  Marine  
  155  9:45  Marine x2  
  157  9:47  Marine  
  157  9:48  Siege Tank  
  157  9:49  Supply Depot  
  162  9:53  Command Center  
  162  9:54  Marine x2  
  162  9:55  Marauder  
  162  9:59  Marine x3  
  169  10:03  Marine  
  169  10:05  Marine x2  
  172  10:12  Marine x2  
  172  10:13  Marine  
  175  10:16  Marauder, Marine  
  175  10:17  Marine x2  
  175  10:19  Marine  
  175  10:21  Marine  
Show
View Real Time Build Order
Export as new Build Order

TheZergLord Zerg 

Build Orders: Hatch First, Muta Ling Bane 

Get SALT Encoding   

  12  0:01  Drone  
  13  0:14  Overlord  
  13  0:17  Drone  
  14  0:32  Drone x2  
  16  0:36  Drone  
  17  0:54  Hatchery  
  17  0:56  Drone  
  17  1:09  Spawning Pool  
  16  1:13  Drone  
  16  1:16  Extractor  
  16  1:19  Drone  
  16  1:22  Drone  
  18  1:30  Drone  
  19  1:41  Overlord  
  19  1:56  Queen  
  19  1:57  Zergling x2  
  22  2:02  Zergling x2  
  22  2:06  Queen, Zergling x2  
  26  2:15  Drone  
  27  2:20  Metabolic Boost  
  27  2:23  Drone  
  27  2:24  Drone  
  29  2:32  Drone  
  30  2:42  Drone x2  
  30  2:51  Extractor  
  30  2:52  Queen  
  30  2:53  Overlord  
  30  2:57  Drone x2  
  33  3:07  Hatchery  
  33  3:11  Drone x3  
  33  3:12  Drone  
  36  3:18  Zergling x2  
  36  3:19  Overlord  
  37  3:24  Drone x2  
  39  3:39  Drone x4  
  43  3:46  Overlord  
  43  3:47  Drone x2  
  43  3:48  Queen  
  47  3:51  Queen  
  49  4:00  Drone  
  50  4:06  Spine Crawler  
  50  4:08  Drone x3  
  50  4:09  Overlord x2  
  52  4:19  Queen  
  45  4:48  Zergling x8  
  49  4:58  Drone x6  
  49  4:59  Drone x3  
  58  5:01  Spore Crawler  
  58  5:02  Spore Crawler  
  58  5:03  Drone  
  58  5:05  Spore Crawler  
  56  5:13  Drone x5  
  61  5:18  Lair  
  61  5:19  Drone x2  
  62  5:25  Drone x2  
  63  5:32  Drone x2  
  63  5:33  Drone x7  
  63  5:34  Drone x2  
  73  5:39  Drone  
  73  5:42  Evolution Chamber  
  73  5:44  Baneling Nest  
  72  5:50  Overlord  
  72  5:51  Overlord  
  72  5:53  Hatchery, Drone  
  72  5:54  Drone  
  72  5:56  Drone  
  74  5:57  Extractor  
  74  5:59  Extractor x2, Drone x2  
  74  6:00  Drone  
  74  6:03  Overlord  
  74  6:09  Drone x3  
  74  6:10  Zerg Ground Armor Level 1  
  77  6:12  Drone x2  
  77  6:14  Extractor  
  77  6:15  Extractor  
  77  6:17  Drone x2  
  79  6:29  Spire  
  76  6:36  Overseer  
  76  6:41  Drone x3  
  76  6:45  Drone  
  76  6:46  Drone x3  
  83  6:51  Centrifical Hooks  
  83  6:54  Overlord  
  83  6:55  Zergling x16  
  91  7:15  Zergling x10  
  95  7:16  Zergling x4  
  95  7:19  Baneling x4  
  95  7:20  Baneling  
  95  7:22  Hatchery  
  95  7:32  Queen, Overlord  
  96  7:40  Overlord  
  96  7:41  Drone x11  
  107  7:46  Mutalisk  
  107  7:47  Mutalisk  
  107  7:48  Pneumatized Carapace  
  107  7:49  Evolution Chamber  
  110  7:59  Mutalisk x4  
  110  8:02  Overlord  
  110  8:03  Overlord x2  
  118  8:09  Zerg Melee Weapons Level 1  
  117  8:17  Baneling  
  117  8:18  Baneling x2  
  117  8:21  Zerg Ground Armor Level 2  
  117  8:22  Mutalisk x2  
  117  8:23  Mutalisk  
  117  8:25  Zergling x2  
  117  8:26  Zergling x24  
  136  8:41  Zergling x16  
  137  8:42  Zergling x4  
  137  8:44  Baneling x7  
  137  8:45  Baneling x7  
  137  8:47  Zergling x4  
  146  8:58  Zergling x8  
  111  9:12  Zergling x20  
  111  9:13  Zergling x16  
  115  9:19  Baneling x8  
  115  9:26  Mutalisk  
  115  9:27  Mutalisk x3  
  123  9:31  Baneling x3  
  123  9:32  Zergling x2, Baneling x2  
  123  9:33  Zergling x4  
  124  9:41  Baneling x7  
  124  9:42  Zergling x6  
  127  9:49  Zergling x4  
  127  9:50  Zergling x2  
  130  9:53  Mutalisk  
  130  9:54  Mutalisk  
  134  10:02  Zergling x12  
Tags
 
Add a new tag
Caveats
  • Supply blocks, unpowered buildings, or Contaminate may cause inaccurate times.
  • Supply counts are checked every 10 seconds.